[Event "Early-Titled-Tuesday-Blitz-September-26-2023"]
[Site "Chess.com"]
[Date "2023.09.26"]
[Round "4"]
[White "MKlose11"]
[Black "cristiano78"]
[Result "1/2-1/2"]
[WhiteElo "2610"]
[BlackElo "2257"]
[TimeControl "180+1"]
[EndTime "8:41:41 PDT"]
[Termination "Game drawn - insufficient material"]

1. e4 c5 2. Nc3 d6 3. g3 g6 4. Bg2 Bg7 5. d3 Nc6 6. Be3 Rb8 7. Qd2 b5 8. Nge2 h5 9. h3 b4 10. Nd1 e6 11. O-O Nge7 12. f4 Bd7 13. d4 cxd4 14.
Nxd4 Nxd4 15. Bxd4 Bxd4+ 16. Qxd4 Qb6 17. Qxb6 Rxb6 18.
a3 a5 19. axb4 axb4 20. Ra8+ Nc8 21. Ne3 Ke7 22. Rd1 Rd8 23. e5 d5 24. Bxd5 exd5 25. Nxd5+ Ke8 26. Nxb6 Nxb6 27. Rxd8+ Kxd8 28. Rd4 Kc7 29. Rxb4 Bxh3 30. Rd4 Bf5 31. c4 Nd7 32. b4 Nf8 33. Kf2 Ne6 34. Rd2 h4 35. gxh4 Nxf4 36. Ke3 Ne6 37. Ra2 Kb7 38. Kd2 Ng7 39. Kc3 Be6 40. Rh2 Nh5 41. Kd4 Ng3 42.
b5 Kb6 43. Ra2 Nf5+ 44. Kc3 Nxh4 45. Ra6+ Kb7 46. Kb4 Nf3 47. c5 Nxe5 48. c6+ Kc7 49. Ra7+ Kd6 50. Ra1 Nxc6+ 51. bxc6 Kxc6 52. Kc3 Kd5 53. Kd3 Ke5 54. Ke3 g5 55. Ra5+ Kf6 56. Kf3 Kg6 57. Kg3 f5 58. Ra6 Kf6 59. Rb6 f4+ 60.
Kf3 Kf5 61. Rb5+ Kf6 62. Ke4 Bd7 63. Rb6+ Be6 64. Ra6 Kf7 65. Ke5 Bh3 66. Rh6 Bg2 67. Kf5 f3 68. Kxg5 Ke7 69. Rf6 Bh1 70. Kf5 Bg2 71. Ke5 Bh1 72. Rf4 Bg2 73. Rf5 Kd7 74. Rf4 Kc6 75. Kf5 Kd5 76. Kg4 Bh1 77. Kg3 Bg2 78. Rh4 Ke5 79. Kf2 Kd5 80. Ra4 Kc5 81. Ra1 Kc4 82. Rc1+ Kd3 83. Rg1 Ke4 84. Re1+ Kf4 85.
Re8 Kg4 86. Rb8 Kh3 87. Rb4 Bh1 88. Rb1 Bg2 89. Rb4 Bh1 90. Rc4 Bg2 91. Rd4 Bh1 92.
Rd8 Kg4 93. Rf8 Bg2 94. Rf7 Kg5 95. Rf8 Kg4 96. Ra8 Kg5 97. Ra1 Kf4 98. Ra4+ Ke5 99. Ra1 Ke4 100. Ra3 Kf4 101. Ra4+ Ke5 102. Kg3 Kd5 103. Kf2 Kc5 104. Rg4 Kd5 105. Rh4 Ke5 106. Rh2 Kf4 107. Rh8 Kg5 108. Rg8+ Kf4 109. Rxg2 fxg2 110. Kxg2 1/2-1/2

[Event "Early-Titled-Tuesday-Blitz-September-26-2023"]
[Site "Chess.com"]
[Date "2023.09.26"]
[Round "4"]
[White "Yurasova_Daria"]
[Black "ElenaPershina"]
[Result "0-1"]
[WhiteElo "2488"]
[BlackElo "2321"]
[TimeControl "180+1"]
[EndTime "8:41:41 PDT"]
[Termination "ElenaPershina won on time"]

1. d4 d5 2. Nf3 Nf6 3. Bf4 c5 4. e3 Nc6 5. Bd3 Bg4 6. Nbd2 e6 7. O-O Bd6 8. Bg3 Bxg3 9. hxg3 c4 10. Be2 O-O 11. c3 b5 12. e4 Nxe4 13. Nxe4 dxe4 14.
Nd2 Bf5 15. Bg4 Qd5 16. Qe2 Bxg4 17. Qxg4 f5 18. Qf4 e5 19. dxe5 Nxe5 20. Rfd1 Nd3 21.
Qe3 Nxb2 22. Rdb1 Nd3 23. a4 a6 24. Nf1 h6 25. Qb6 Rfb8 26. Qe3 b4 27. cxb4 Rxb4 28.
Rxb4 Nxb4 29. Rc1 Nd3 30. Rc2 Rc8 31. Rc3 Qc5 32. Qe2 Qd4 33. Rc2 c3 34. Ne3 Rc5 35. Qh5 Qe5 36. Qg6 Nb4 37. Rc1 c2 38. Qb6 Nd3 39.
Rxc2 Rxc2 40. Nxc2 Qc5 41. Qd8+ Kh7 42. Ne3 a5 43. g4 f4 44. Qe8 fxe3 45. Qxe4+ Kg8 46. Qxd3 exf2+ 47. Kf1 Qc1+ 48. Kxf2 Qf4+ 49. Qf3 Qd2+ 50. Qe2 Qd4+ 51. Kf1 Qxa4 52. Qe6+ Kh7 53. Qf5+ Kg8 54.
Qc8+ Kh7 55. Qf5+ Kg8 56. g5 hxg5 57. Qxg5 Qd1+ 58. Kf2 Qc2+ 59. Kg3 Qd3+ 60. Kh2 Qd6+ 61. g3 a4 62. Qa5 a3 63. Qa8+ Kh7 64. Qe4+ Kg8 65. Qc4+ Kh7 66. Qe4+ Kh6 67. Qe3+ Kg6 68. Qe4+ Kf6 69. Qa4 Qd2+ 70. Kh3 a2 71. Qa6+ Kf7 72. Qa7+ Kf6 73. Qa6+ Ke7 74. Qa7+ Qd7+ 75. Qxd7+ Kxd7 0-1

[Event "Early-Titled-Tuesday-Blitz-September-26-2023"]
[Site "Chess.com"]
[Date "2023.09.26"]
[Round "4"]
[White "Aleksandar-Topalov"]
[Black "bubeliang"]
[Result "0-1"]
[WhiteElo "2392"]
[BlackElo "2633"]
[TimeControl "180+1"]
[EndTime "8:41:53 PDT"]
[Termination "bubeliang won by resignation"]

1. b3 b6 2. Bb2 Bb7 3. Nf3 f5 4. c4 e6 5. g3 Nf6 6. Bg2 Be7 7.
O-O O-O 8. d4 d6 9. Nc3 h6 10.
d5 e5 11. Nh4 Bc8 12. Ng6 Rf7 13.
Nxe7+ Qxe7 14. Qd2 a5 15. e3 Nbd7 16. a3 Ba6 17.
Qc2 e4 18. Ne2 Ne5 19. Nd4 g6 20. Ne6 Bc8 21. Nd4 Bd7 22. b4 a4 23. Rad1 Kh7 24.
Rd2 Re8 25. Nb5 Bxb5 26. cxb5 Nf3+ 27. Bxf3 exf3 28. Bxf6 Qxf6 29. Qd1 Qc3 30. Rd3 Qc4 31. Rd4 Qc3 32. Qxf3 Qxa3 33. h4 Qc3 34. Rfd1 a3 35. R4d3 Qb2 36. R3d2 Qxb4 37. h5 g5 38. Qe2 Ra8 39.
Ra2 Qb3 40. Rda1 Re7 41. Qd2 Re4 42. Qc1 Rc4 43. Qd2 Qxb5 44. Rxa3 Rxa3 45. Rxa3 Qb1+ 46. Kg2 Qe4+ 47. Kg1 Rc2 48. Qe1 Rb2 49. Ra7 Rb1 50. Rxc7+ Kg8 51. Rc1 Rxc1 52. Qxc1 Qxd5 53. Qc8+ Kf7 54.
Qc7+ Kf6 55. Qh7 Qd1+ 56. Kg2 Qxh5 57. Qd7 Qd1 58. Qd8+ Ke5 59. Qxb6 Qd5+ 60. Kg1 Kf6 61. Qd8+ Kg6 62. Qe8+ Qf7 63. Qd8 Qf6 64. Qe8+ Qf7 65. Qd8 d5 66. Qd6+ Kg7 67. Qd8 Qe6 68. Qc7+ Kg6 69.
Qd8 f4 70. gxf4 gxf4 71. exf4 Qg4+ 72. Kf1 Qf3 73. Qd6+ Kf5 74. Qe5+ Kg4 75. f5 Qxf5 76. Qd4+ Qe4 77. Qg7+ Kh5 78. Qf7+ Kg5 79. Qg7+ Kh5 80. Qf7+ Kg5 81. Qg7+ Qg6 82. Qe5+ Qf5 83. Qg7+ Kh5 84. Qg3 Qb1+ 85. Kg2 Qe4+ 86. Kh2 Qh4+ 87. Qxh4+ Kxh4 88. Kg2 Kg4 89. f3+ Kf4 90. Kf2 d4 91. Ke2 d3+ 92. Kxd3 Kxf3 0-1

[Event "Early-Titled-Tuesday-Blitz-September-26-2023"]
[Site "Chess.com"]
[Date "2023.09.26"]
[Round "4"]
[White "atigerman"]
[Black "artin10862"]
[Result "0-1"]
[WhiteElo "2716"]
[BlackElo "2901"]
[TimeControl "180+1"]
[EndTime "8:42:13 PDT"]
[Termination "artin10862 won by checkmate"]

1. e4 c5 2. Nc3 e6 3. g3 a6 4.
Bg2 b5 5. Nge2 Bb7 6. O-O Nf6 7. Re1 b4 8. Na4 Bxe4 9. d4 Bxg2 10. Kxg2 cxd4 11. Qxd4 Nc6 12. Qh4 Be7 13. Bg5 h6 14. Rad1 Qa5 15. Bxf6 Bxf6 16. Qe4 Qxa4 17. Nf4 O-O 18.
Rxd7 Ne5 19. Rb7 a5 20. Nh5 Qc6 21. f4 Qxe4+ 22. Rxe4 Ng6 23. Nxf6+ gxf6 24. h4 Rac8 25. Rd4 Rxc2+ 26. Kh3 Rc5 27. Rdd7 h5 28. b3 f5 29. Ra7 Kg7 30. Rdb7 Nh8 31. Re7 Rd8 32. Rxe6 Rc3 33. Re5 Rdd3 34. Rxf5 Rxg3+ 35. Kh2 Rg4 36. Rxh5 Ng6 37. f5 Rxh4+ 38. Rxh4 Nxh4 39. Rxa5 Rf3 40. Rb5 Nxf5 41. Rxb4 Rf2+ 42. Kh3 Rxa2 43. Rf4 Ne7 44. b4 Rb2 45. Rg4+ Kf6 46. Rf4+ Ke6 47. Re4+ Kd6 48. Rd4+ Nd5 49. Rd1 Rxb4 50. Rf1 Ke7 51. Re1+ Kf8 52. Ra1 Ne7 53. Ra5 Kg7 54. Kg3 Ng6 55. Kf3 Rf4+ 56. Ke3 Rf6 57. Rh5 Ne7 58. Kd2 Kg6 59. Rh8 Rd6+ 60. Ke3 f5 61. Kf4 Rd4+ 62. Kf3 Re4 63.
Re8 Kf7 64. Rh8 Nd5 65. Rh7+ Kf6 66. Rh6+ Ke5 67. Ra6 Re3+ 68. Kf2 f4 69. Ra4 Nc3 70. Ra5+ Kf6 71. Ra6+ Kf5 72. Ra8 Ne4+ 73. Kg2 f3+ 74. Kh2 f2 75. Rf8+ Ke5 76. Kg2 Re1 77. Re8+ Kd5 78. Rd8+ Kc6 79. Rc8+ Kd7 80. Rf8 Rg1+ 81.
Kh2 Re1 82. Rd8+ Kxd8 83. Kg2 f1=Q+ 84. Kh2 Qf2+ 85. Kh3 Qg3# 0-1

[Event "Early-Titled-Tuesday-Blitz-September-26-2023"]
[Site "Chess.com"]
[Date "2023.09.26"]
[Round "4"]
[White "Giorno"]
[Black "SaqoChess_Twitch"]
[Result "1-0"]
[WhiteElo "2501"]
[BlackElo "2666"]
[TimeControl "180+1"]
[EndTime "8:44:54 PDT"]
[Termination "Giorno won by checkmate"]

1. d4 d5 2. Bf4 Nf6 3. e3 a6 4. Nd2 c5 5. c3 Nc6 6. Ngf3 e6 7. Bd3 Nh5 8. Be5 Nf6 9. O-O Nxe5 10. Nxe5 Bd6 11.
f4 O-O 12. Rf3 Nd7 13. Bxh7+ Kh8 14. Rh3 Nf6 15. Bd3+ Kg8 16. Qe1 Ne4 17. Nxe4 dxe4 18. Bxe4 f5 19. Bc2 Bxe5 20. fxe5 Qg5 21. Rg3 Qh6 22. Rd1 c4 23. Rh3 Qg5 24. Qg3 Qxg3 25.
Rxg3 Kf7 26. e4 g6 27. d5 Bd7 28. Rd4 b5 29. exf5 gxf5 30. dxe6+ Bxe6 31. Rf3 Ke7 32. Kf2 a5 33. Rh3 Rf7 34. Rh6 Ra6 35. h4 b4 36.
h5 bxc3 37. bxc3 Rb6 38. a4 Rb2 39. Rd2 f4 40. Rxe6+ Kxe6 41. Bf5+ Rxf5 42. Rxb2 Rxh5 43. Rb6+ Kf5 44. Rb5 Rh1 45. Rxa5 Rc1 46. Rc5 Rxc3 47.
a5 Rc2+ 48. Kf1 Rc1+ 49. Ke2 Rc2+ 50. Kf1 Ra2 51. Rxc4 Rxa5 52. Rc2 Rxe5 53. Kf2 Kg4 54. Rb2 Ra5 55. Rc2 Ra3 56. Rb2 Rc3 57. Ra2 Rd3 58. Rb2 Ra3 59. Rc2 Re3 60. Rb2 Re6 61. Ra2 Re7 62.
Rb2 Rf7 63. Ra2 Rc7 64. Rb2 Ra7 65. Rc2 Ra1 66. Rb2 Kf5 67. Rb5+ Ke4 68. Rb4+ Ke5 69. Rb5+ Kf6 70. Rb2 Kg5 71. Rc2 Rd1 72. Rb2 Rd3 73. Ra2 Kg4 74. Rb2 Rd4 75. Ra2 Kf5 76. Rb2 Ke4 77.
Re2+ Kf5 78. Rb2 Rc4 79. Ra2 Ke4 80. Rb2 Ra4 81. Re2+ Kd3 82. Re5 Rd4 83. Re6 Kc4 84. Kf3 Rd2 85. Re4+ Kd5 86. Rxf4 Ke5 87. g3 Rd1 88. Kg4 Rd8 89. Rf5+ Ke6 90. Rf2 Rg8+ 91. Kh3 Rh8+ 92. Kg2 Rg8 93. Rf4 Ra8 94. g4 Ke5 95. Rf5+ Ke6 96. Kg3 Rg8 97. Kf4 Ra8 98. Rb5 Kf6 99.
Rb6+ Kg7 100. Kg5 Ra7 101. Kh5 Ra5+ 102. g5 Ra7 103. Rh6 Rb7 104. Rc6 Ra7 105. Rc4 Rb7 106. Kg4 Ra7 107. Rd4 Rb7 108. Rf4 Ra7 109. Re4 Rb7 110. Rf4 Rc7 111. Re4 Rd7 112. Rf4 Re7 113. Rd4 Rc7 114. Rb4 Ra7 115. Rc4 Rd7 116. Rb4 Ra7 117. Rc4 Rb7 118. Ra4 Rc7 119. Rb4 Rd7 120. Rc4 Rd1 121. Rb4 Rg1+ 122. Kf5 Rf1+ 123. Rf4 Ra1 124. Kg4 Rg1+ 125. Kf5 Ra1 126. Re4 Rf1+ 127. Rf4 Rb1 128. Re4 Rg1 129. Re7+ Kf8 130. Rb7 Ra1 131. Kg6 Ra8 132. Kh7 Ra1 133. Rb8+ Ke7 134. g6 Kf6 135. Rf8+ Ke7 136. Rf2 Rh1+ 137. Kg8 Rh3 138. g7 Rh4 139. Rf5 Rh3 140. Rg5 Rh2 141. Rg4 Rh5 142. Re4+ Kf6 143. Rf4+ Ke7 144. Rf7+ Ke8 145. Rf8+ Ke7 146. Ra8 Rh4 147. Ra7+ Ke8 148. Ra8+ Ke7 149. Ra2 Rh3 150. Re2+ Kf6 151. Kf8 Ra3 152. g8=Q Ra8+ 153. Re8 Ra7 154. Qh8+ Kf5 155. Qh5+ Kf4 156. Qe5+ Kg4 157. Qe4+ Kh5 158. Qd5+ Kg6 159. Re6+ Kh7 160. Qh5# 1-0

[Event "Early-Titled-Tuesday-Blitz-September-26-2023"]
[Site "Chess.com"]
[Date "2023.09.26"]
[Round "5"]
[White "RafalBRC"]
[Black "only_strong_moves"]
[Result "0-1"]
[WhiteElo "2121"]
[BlackElo "2526"]
[TimeControl "180+1"]
[EndTime "8:52:16 PDT"]
[Termination "only_strong_moves won by resignation"]

1. d4 Nf6 2. c4 e6 3. Nc3 Bb4 4.
a3 Bxc3+ 5. bxc3 c5 6. e3 O-O 7.
Bd3 d5 8. cxd5 exd5 9. Ne2 b6 10.
O-O Ba6 11. Bxa6 Nxa6 12. Qa4 Nc7 13. Ng3 Qe8 14. Bb2 Qxa4 0-1

[Event "Early-Titled-Tuesday-Blitz-September-26-2023"]
[Site "Chess.com"]
[Date "2023.09.26"]
[Round "5"]
[White "rikchessmx"]
[Black "Chesstar"]
[Result "1-0"]
[WhiteElo "2360"]
[BlackElo "2061"]
[TimeControl "180+1"]
[EndTime "8:52:54 PDT"]
[Termination "rikchessmx won by resignation"]

1. e4 a5 2. Nf3 h5 3. Bc4 g6 4. Ng5 e6 5. d4 Bh6 6. h4 c6 7. Qf3 Qf6 8. e5 Qxf3 9. gxf3 b5 10. Bd3 Bxg5 11. Bxg5 Na6 12. a3 Bb7 13. Nc3 b4 14.
Ne4 Kf8 15. Nd6 1-0

[Event "Early-Titled-Tuesday-Blitz-September-26-2023"]
[Site "Chess.com"]
[Date "2023.09.26"]
[Round "5"]
[White "sergeikim"]
[Black "Masterbeaterr"]
[Result "0-1"]
[WhiteElo "2601"]
[BlackElo "2460"]
[TimeControl "180+1"]
[EndTime "8:53:09 PDT"]
[Termination "Masterbeaterr won by resignation"]

1. d4 d5 2. c4 dxc4 3. e3 Nf6 4.
Bxc4 e6 5. Nf3 a6 6. O-O Be7 7. Qe2 O-O 8. Rd1 Nbd7 9. Nc3 b5 10. Bb3 Bb7 11. e4 b4 12. e5 bxc3 13. exf6 cxb2 14.
fxe7 bxa1=Q 15. exd8=Q Raxd8 16. Ba3 Qc3 17. Bxf8 Nxf8 18.
Ne5 Rxd4 19. Re1 Re4 0-1

[Event "Early-Titled-Tuesday-Blitz-September-26-2023"]
[Site "Chess.com"]
[Date "2023.09.26"]
[Round "5"]
[White "Msb2"]
[Black "rezamahdavi2008"]
[Result "1/2-1/2"]
[WhiteElo "3087"]
[BlackElo "2882"]
[TimeControl "180+1"]
[EndTime "8:53:10 PDT"]
[Termination "Game drawn by agreement"]

1. d4 Nf6 2. c4 g6 3. Nc3 Bg7 4. e4 d6 5. Nf3 O-O 6. Be2 e5 7. Be3 exd4 8. Nxd4 Re8 9. f3 c6 10. Qd2 d5 11. exd5 cxd5 12. O-O Nc6 13. Rad1 Nxd4 14. Bxd4 dxc4 15. Bxc4 Be6 16. Bb5 Rf8 17. Qf2 Qa5 18.
Qh4 Nh5 19. Bd7 Qd8 20. Qxd8 Rfxd8 21. Bxg7 Nxg7 22. Bxe6 Nxe6 23. Kf2 1/2-1/2

[Event "Early-Titled-Tuesday-Blitz-September-26-2023"]
[Site "Chess.com"]
[Date "2023.09.26"]
[Round "5"]
[White "ellatambien"]
[Black "PeshkaCh"]
[Result "0-1"]
[WhiteElo "2512"]
[BlackElo "2811"]
[TimeControl "180+1"]
[EndTime "8:53:34 PDT"]
[Termination "PeshkaCh won by resignation"]

1. c4 e5 2. Nc3 Nf6 3. Nf3 Nc6 4. e4 Bb4 5. d3 d6 6. Be2 Bg4 7. O-O h6 8. Ne1 Bxe2 9. Qxe2 Nd4 10. Qd1 Qd7 11.
Nc2 Nxc2 12. Qxc2 c6 13. Be3 Bxc3 14. Qxc3 O-O 15. h3 Rfe8 16. f4 Nh5 17. fxe5 dxe5 18. Rf5 Ng3 19. Rf3 Ne2+ 0-1

[Event "Early-Titled-Tuesday-Blitz-September-26-2023"]
[Site "Chess.com"]
[Date "2023.09.26"]
[Round "5"]
[White "KVAIDAN"]
[Black "Arek_pacitan"]
[Result "0-1"]
[WhiteElo "2284"]
[BlackElo "2682"]
[TimeControl "180+1"]
[EndTime "8:53:47 PDT"]
[Termination "Arek_pacitan won by resignation"]

1. f4 d5 2. Nf3 Nf6 3. e3 c5 4.
Be2 g6 5. O-O Bg7 6. d3 O-O 7. Kh1 Nc6 8. a4 d4 9. e4 Ng4 10. Qe1 b6 11. h3 Ne3 12. Bxe3 dxe3 13. c3 Ba6 14. Qd1 Qd7 15. Na3 Rad8 16. Nb5 Na5 17. e5 Bxb5 18. axb5 Qxb5 19. d4 Qxb2 20. dxc5 Rxd1 21. Rfxd1 Qxe2 0-1

[Event "Early-Titled-Tuesday-Blitz-September-26-2023"]
[Site "Chess.com"]
[Date "2023.09.26"]
[Round "5"]
[White "WPWPWP-2015"]
[Black "atigerman"]
[Result "0-1"]
[WhiteElo "2534"]
[BlackElo "2721"]
[TimeControl "180+1"]
[EndTime "8:54:23 PDT"]
[Termination "atigerman won by resignation"]

1. e4 Nf6 2. e5 Nd5 3. Nc3 Nxc3 4. dxc3 d6 5. Nf3 Nc6 6. exd6 exd6 7. Be2 Be7 8. Be3 O-O 9. Qd2 Bf5 10. O-O-O Bf6 11. h4 Re8 12. h5 Qd7 13. h6 g6 14. Nd4 Nxd4 15. Bxd4 Qa4 16. a3 Bg5 17. Be3 Rxe3 0-1

[Event "Early-Titled-Tuesday-Blitz-September-26-2023"]
[Site "Chess.com"]
[Date "2023.09.26"]
[Round "5"]
[White "Mops_2004"]
[Black "subham777"]
[Result "1-0"]
[WhiteElo "2773"]
[BlackElo "2599"]
[TimeControl "180+1"]
[EndTime "8:54:30 PDT"]
[Termination "Mops_2004 won by resignation"]

1. g3 d5 2. Nf3 Nf6 3. Bg2 e6 4. O-O Be7 5. d3 O-O 6. Bf4 c5 7. a4 Nc6 8. e4 dxe4 9. dxe4 Qb6 10. Nc3 a6 11. e5 Nd5 12. Nxd5 exd5 13. Qxd5 Qxb2 14. Qe4 Nb4 15. Rfb1 f5 16. Qc4+ 1-0

[Event "Early-Titled-Tuesday-Blitz-September-26-2023"]
[Site "Chess.com"]
[Date "2023.09.26"]
[Round "5"]
[White "PattyCastillo"]
[Black "DarZay"]
[Result "0-1"]
[WhiteElo "1879"]
[BlackElo "2211"]
[TimeControl "180+1"]
[EndTime "8:54:49 PDT"]
[Termination "DarZay won by resignation"]

1. d4 d5 2. Nf3 Nf6 3. e3 Bf5 4. c4 e6 5. Qb3 b6 6. Nc3 Be7 7. cxd5 exd5 8. Bb5+ c6 9. Be2 O-O 10. O-O Ne4 11. Ne5 f6 12. Nxc6 Nxc6 13. Nxd5 Kh8 14. Nxe7 Qxe7 15. Bf3 Rac8 16. Qb5 Bg6 17. a3 Na5 18. b4 Nb3 19. Rb1 Nc3 20. Rxb3 Nxb5 0-1

[Event "Early-Titled-Tuesday-Blitz-September-26-2023"]
[Site "Chess.com"]
[Date "2023.09.26"]
[Round "5"]
[White "Mihajlovskij"]
[Black "AsaHoffmann"]
[Result "0-1"]
[WhiteElo "2277"]
[BlackElo "2412"]
[TimeControl "180+1"]
[EndTime "8:54:58 PDT"]
[Termination "AsaHoffmann won by resignation"]

1. e4 d6 2. d4 Nf6 3. Nc3 c6 4. Nf3 Bg4 5. Be3 e6 6. Qd2 d5 7. e5 Nfd7 8. Ng1 c5 9. h3 Bf5 10. g4 Bg6 11. Nge2 Nc6 12. f4 cxd4 13. Nxd4 Bb4 14.
a3 Qa5 15. Nb3 Bxc3 16. Nxa5 Bxd2+ 17. Bxd2 Nxa5 18. Bxa5 Bxc2 19. Rc1 Be4 20. Rh2 f6 21. exf6 Nxf6 22. Rc7 O-O 23. Rxb7 Rfc8 24. Bc3 d4 25. Bxd4 Bxb7 0-1

[Event "Early-Titled-Tuesday-Blitz-September-26-2023"]
[Site "Chess.com"]
[Date "2023.09.26"]
[Round "5"]
[White "LeoWin2012"]
[Black "Bilan_Danila"]
[Result "0-1"]
[WhiteElo "2329"]
[BlackElo "2521"]
[TimeControl "180+1"]
[EndTime "8:55:01 PDT"]
[Termination "Bilan_Danila won by resignation"]

1. e4 c6 2. d4 d5 3. Nc3 b5 4. exd5 b4 5. Ne4 cxd5 6. Nc5 Nf6 7. Bb5+ Bd7 8. Nxd7 Nbxd7 9. Nf3 e6 10. Ne5 Qb6 11. Bxd7+ Nxd7 12. Nxd7 Kxd7 13. O-O Be7 14. c3 bxc3 15.
bxc3 Rac8 16. Qa4+ Qc6 17. Qxa7+ Rc7 18. Qa5 Ra8 0-1

[Event "Early-Titled-Tuesday-Blitz-September-26-2023"]
[Site "Chess.com"]
[Date "2023.09.26"]
[Round "5"]
[White "Alexander_Donchenko"]
[Black "LoydBlankenship"]
[Result "0-1"]
[WhiteElo "2801"]
[BlackElo "2661"]
[TimeControl "180+1"]
[EndTime "8:55:02 PDT"]
[Termination "LoydBlankenship won by checkmate"]

1. e4 e6 2. d4 d5 3. Nd2 Nc6 4.
Ngf3 Nf6 5. c3 dxe4 6. Ng5 e3 7. fxe3 Bd6 8. Bd3 h6 9. Ngf3 e5 10. O-O O-O 11. Kh1 Bg4 12. Ne4 Nxe4 13. Bxe4 f5 14. Bxc6 bxc6 15. Qb3+ Kh8 16. Nxe5 Bxe5 17. dxe5 Qd3 18.
Rg1 Rad8 19. Qa4 Qe4 20. Qxa7 Bh3 21. Qc5 Bxg2+ 22. Rxg2 Rd1# 0-1

[Event "Early-Titled-Tuesday-Blitz-September-26-2023"]
[Site "Chess.com"]
[Date "2023.09.26"]
[Round "5"]
[White "cthake"]
[Black "cukin84"]
[Result "0-1"]
[WhiteElo "1870"]
[BlackElo "2219"]
[TimeControl "180+1"]
[EndTime "8:55:04 PDT"]
[Termination "cukin84 won by resignation"]

1. e4 c6 2. d4 d5 3. Nc3 a6 4. Nf3 Bg4 5. Be2 e6 6. O-O Nf6 7. e5 Nfd7 8. h3 Bh5 9. Be3 c5 10. Ng5 Bxe2 11. Qxe2 cxd4 12. Bxd4 Qxg5 13. f4 Qh4 14.
Kh2 g6 15. g3 Qd8 16. g4 Nc6 17. Bg1 Be7 18. Rad1 O-O 19. f5 gxf5 20. gxf5 Ncxe5 21. Qg2+ Kh8 22. Bd4 Rg8 23. Qe2 Bd6 24. fxe6 fxe6 25.
Rf7 Qh4 26. Rxd7 Qg3+ 27. Kh1 Qxh3+ 28. Qh2 Qf3+ 0-1

[Event "Early-Titled-Tuesday-Blitz-September-26-2023"]
[Site "Chess.com"]
[Date "2023.09.26"]
[Round "5"]
[White "ShahMatKanal"]
[Black "IPAchess"]
[Result "1-0"]
[WhiteElo "2502"]
[BlackElo "2319"]
[TimeControl "180+1"]
[EndTime "8:55:15 PDT"]
[Termination "ShahMatKanal won by resignation"]

1. e4 e5 2. f4 exf4 3. Nf3 Nf6 4. e5 Nh5 5. Bc4 d6 6. exd6 Bxd6 7. O-O O-O 8. d4 Bg4 9. Nc3 Nc6 10. Ne4 Re8 11. Nxd6 Qxd6 12. Bxf7+ Kxf7 13. Ng5+ Kg8 14. Qxg4 Qxd4+ 15. Kh1 Nf6 16. Qh4 Ne5 17. Bxf4 Ng6 18. Qg3 Nh5 19.
Qb3+ Kh8 20. Nf7+ Kg8 21. Nh6+ 1-0

[Event "Early-Titled-Tuesday-Blitz-September-26-2023"]
[Site "Chess.com"]
[Date "2023.09.26"]
[Round "5"]
[White "A-Fier"]
[Black "Martial2008"]
[Result "1-0"]
[WhiteElo "2820"]
[BlackElo "2612"]
[TimeControl "180+1"]
[EndTime "8:55:20 PDT"]
[Termination "A-Fier won by checkmate"]

1. d4 Nf6 2. Bg5 c5 3. d5 Ne4 4. Bf4 e6 5. f3 Bd6 6. Bxd6 Nxd6 7. e4 exd5 8. Qxd5 Qb6 9. Nd2 O-O 10. O-O-O Ne8 11. Nc4 Qc7 12. Ne2 Nf6 13. Qd6 Qxd6 14. Nxd6 b6 15. Nc3 Nc6 16. f4 Nd4 17. e5 Ng4 18. Rd2 f6 19. Bc4+ Kh8 20. Nf7+ Rxf7 21. Bxf7 fxe5 22. fxe5 Nxe5 23. Bd5 Rb8 24. Rf2 Ba6 25. Re1 d6 26. Ne4 Ng4 27. Rf4 Nf6 28.
Nxf6 gxf6 29. Rxf6 Kg7 30. Rxd6 Rf8 31. c3 Ne2+ 32.
Kd2 Nf4 33. Re7+ Kh8 34. Be4 h5 35. Rh6+ Kg8 36. Bh7+ Kh8 37. Bd3+ Kg8 38. Bxa6 Rf7 39. Bc4 Kg7 40. Rxf7+ Kxh6 41. Rxf4 Kg5 42. g3 h4 43.
Rxh4 Kf5 44. Ke3 Ke5 45. Rh5+ Kd6 46. Ke4 Kc7 47. Kd5 a6 48. Rh7+ Kb8 49. Kc6 b5 50. Bd5 a5 51. Be6 Ka8 52. Kb6 b4 53. Rh8# 1-0

[Event "Early-Titled-Tuesday-Blitz-September-26-2023"]
[Site "Chess.com"]
[Date "2023.09.26"]
[Round "5"]
[White "Maxterlopez"]
[Black "Rap_woyska"]
[Result "1-0"]
[WhiteElo "2747"]
[BlackElo "2512"]
[TimeControl "180+1"]
[EndTime "8:55:22 PDT"]
[Termination "Maxterlopez won by resignation"]

1. e4 e6 2. d4 d5 3. Nc3 Nf6 4. Bg5 dxe4 5. Nxe4 Be7 6. Bxf6 Bxf6 7. Nf3 O-O 8. Bc4 Nc6 9. c3 b6 10. Qe2 Bb7 11. O-O-O Re8 12. h4 Be7 13. h5 Bf8 14. Kb1 a6 15. g4 b5 16. Bb3 Na5 17. Bc2 Bxe4 18. Qxe4 g6 19. hxg6 hxg6 20. Ne5 Bg7 21. Qf4 Qf6 22. Qh2 Nc4 23. Nd7 1-0

[Event "Early-Titled-Tuesday-Blitz-September-26-2023"]
[Site "Chess.com"]
[Date "2023.09.26"]
[Round "5"]
[White "SaqoChess_Twitch"]
[Black "Rosh1610"]
[Result "1-0"]
[WhiteElo "2670"]
[BlackElo "2475"]
[TimeControl "180+1"]
[EndTime "8:55:23 PDT"]
[Termination "SaqoChess_Twitch won by checkmate"]

1. d4 Nf6 2. c4 e6 3. Nc3 Bb4 4. e3 O-O 5. a3 Bxc3+ 6. bxc3 c5 7. Bd3 b6 8. Ne2 Bb7 9. O-O Nc6 10. e4 d6 11. Bg5 h6 12. Bh4 e5 13. f4 exf4 14.
Nxf4 g5 15. Nd5 Nxd5 16. exd5 Ne7 17. Qh5 f5 18. Bxg5 hxg5 19. Qxg5+ Kh8 20. Rf3 Rf7 21.
Rh3+ Rh7 22. Qf6+ Kg8 23. Rg3+ Rg7 24. Qxg7# 1-0

[Event "Early-Titled-Tuesday-Blitz-September-26-2023"]
[Site "Chess.com"]
[Date "2023.09.26"]
[Round "5"]
[White "Kielinkei"]
[Black "meoluoi91"]
[Result "1-0"]
[WhiteElo "2488"]
[BlackElo "2644"]
[TimeControl "180+1"]
[EndTime "8:55:32 PDT"]
[Termination "Kielinkei won by resignation"]

1. c4 c6 2. Nc3 d5 3. e3 Nf6 4. Nf3 a6 5. b3 Bf5 6. Bb2 e6 7. d4 Nbd7 8. Bd3 Bg4 9. h3 Bh5 10. g4 Bg6 11. Qc2 b5 12. c5 b4 13.
Na4 Qb8 14. O-O-O Bxd3 15. Qxd3 Ne4 16. Qc2 Be7 17. h4 h5 18. g5 Bd8 19. Rdf1 Bc7 20.
Nd2 f5 21. Nxe4 fxe4 22. f3 exf3 23. Qg6+ Kd8 24. Rxf3 Re8 25. Qxg7 e5 26. Rf7 Qc8 27. dxe5 Rxe5 28. Bxe5 Bxe5 29. Rxd7+ Qxd7 30. Qxd7+ 1-0

[Event "Early-Titled-Tuesday-Blitz-September-26-2023"]
[Site "Chess.com"]
[Date "2023.09.26"]
[Round "5"]
[White "Grossboss19"]
[Black "quvnoq_muxlis"]
[Result "0-1"]
[WhiteElo "2516"]
[BlackElo "2801"]
[TimeControl "180+1"]
[EndTime "8:55:35 PDT"]
[Termination "quvnoq_muxlis won by resignation"]

1. d4 Nf6 2. Nc3 d5 3. Bf4 e6 4. e3 a6 5. Bd3 b5 6. a3 c5 7. Nf3 Bb7 8. O-O Nc6 9. dxc5 Bxc5 10. b4 Bd6 11. Bxd6 Qxd6 12. e4 d4 13. e5 Nxe5 14.
Nxd4 Nfg4 15. Nce2 Nxd3 16. g3 Nde5 17. f4 Qd5 0-1

[Event "Early-Titled-Tuesday-Blitz-September-26-2023"]
[Site "Chess.com"]
[Date "2023.09.26"]
[Round "5"]
[White "Incognito_Knight"]
[Black "HATilay"]
[Result "1-0"]
[WhiteElo "2760"]
[BlackElo "2570"]
[TimeControl "180+1"]
[EndTime "8:55:36 PDT"]
[Termination "Incognito_Knight won by resignation"]

1. b3 Nf6 2. Bb2 e6 3. Nf3 d5 4. g3 c5 5. Bg2 Be7 6. O-O O-O 7.
d4 Nc6 8. c4 b6 9. cxd5 Nxd5 10. dxc5 Bxc5 11. Nbd2 Bb7 12. Rc1 Rc8 13. Ne4 Be7 14. Nd4 Re8 15. Nxc6 Bxc6 16. Qd4 Bf8 17. Rfd1 e5 18. Qd3 Bd6 1-0

[Event "Early-Titled-Tuesday-Blitz-September-26-2023"]
[Site "Chess.com"]
[Date "2023.09.26"]
[Round "5"]
[White "salomez"]
[Black "ChainedDowntohell"]
[Result "0-1"]
[WhiteElo "2304"]
[BlackElo "2473"]
[TimeControl "180+1"]
[EndTime "8:55:36 PDT"]
[Termination "ChainedDowntohell won by resignation"]

1. d4 Nf6 2. Nf3 d5 3. e3 g6 4. Be2 Bg7 5. b3 c5 6. Bb2 cxd4 7. Nxd4 O-O 8. O-O e5 9. Nb5 a6 10. N5a3 Nc6 11. c4 d4 12. Nc2 Ne4 13. exd4 exd4 14.
Bd3 Nc5 15. Ba3 Nxd3 16. Bxf8 Qxf8 17. Qxd3 Bf5 18. Qd2 Bxc2 19. Qxc2 d3 0-1